 Dungeon Crawl Stone Soup version 0.29.1-2-gbd0b4ee654 (webtiles) character file.

Game seed: 1864943173367248314

16 Hikarizu the Caller (level 2, 0/20 HPs)
             Began as a Gnoll Summoner on Nov 7, 2022.
             Succumbed to an adder's poison
             ... on level 3 of the Dungeon.
             The game lasted 00:08:14 (1736 turns).

Hikarizu the Caller (Gnoll Summoner)                Turns: 1736, Time: 00:08:15

Health: 0/20       AC:  5    Str:  7    XL:     2   Next: 58%
Magic:  7/7        EV: 10    Int: 14    God:
Gold:   64         SH:  0    Dex: 12    Spells: 9/10 levels left

rFire   . . .      SeeInvis .   k - +0 dagger
rCold   . . .      Faith    .   (no shield)
rNeg    . . .      Spirit   .   l - +0 ring mail
rPois   .          Reflect  .   (no helmet)
rElec   .          Harm     .   (no cloak)
rCorr   .          Rampage  .   (no gloves)
Will    .....                   (no boots)
Stlth   ++........              (no amulet)
HPRegen 0.06/turn               (no ring)
MPRegen 0.10/turn               (no ring)

@: lethally poisoned (0 -> -4)
A: fangs 1, strong nose, distributed training
a: no special abilities


You were on level 3 of the Dungeon.
You visited 1 branch of the dungeon, and saw 3 of its levels.

You collected 64 gold pieces.

Inventory:

Hand Weapons
 c - a +0 club
 k - a +0 dagger (weapon)
Missiles
 g - 12 stones
Armour
 a - a +0 robe
 j - a +0 leather armour
 l - a +0 ring mail (worn)
Scrolls
 d - a scroll of poison {unknown}
 e - 2 scrolls of teleportation {unknown}
 h - a scroll of enchant armour {unknown}
 i - a scroll of blinking {unknown}
 m - a scroll of identify {unknown}
Potions
 b - a potion of magic
 f - 2 potions of lignification {unknown}


   Skills:
 + Level 0.5 Fighting
 + Level 0.5 Short Blades
 + Level 0.5 Long Blades
 + Level 0.5 Axes
 + Level 0.5 Maces & Flails
 + Level 0.5 Polearms
 + Level 0.5 Staves
 + Level 0.5 Ranged Weapons
 + Level 0.5 Throwing
 + Level 0.5 Armour
 + Level 4.5 Dodging
 + Level 4.1 Stealth
 + Level 0.5 Shields
 + Level 0.5 Unarmed Combat
 + Level 4.9 Spellcasting
 + Level 0.3 Conjurations
 + Level 0.3 Hexes
 + Level 7.0 Summonings
 + Level 0.3 Necromancy
 + Level 0.3 Translocations
 + Level 0.3 Transmutations
 + Level 0.3 Fire Magic
 + Level 0.3 Ice Magic
 + Level 0.3 Air Magic
 + Level 0.3 Earth Magic
 + Level 0.3 Poison Magic
 + Level 0.6 Invocations
 + Level 0.5 Evocations


You had 9 spell levels left.
You knew the following spells:

 Your Spells              Type           Power      Damage    Failure   Level
a - Summon Small Mammal   Summ           92%        N/A       3%          1

Your spell library contained the following spells:

 Spells                   Type           Power      Damage    Failure   Level
 Call Imp                 Summ           23%        N/A       4%          2
 Call Canine Familiar     Summ           23%        N/A       10%         3
 Summon Guardian Golem    Hex/Summ       13%        N/A       36%         3
 Summon Lightning Spire   Summ/Air       13%        N/A       78%         4


Dungeon Overview and Level Annotations

Branches:
Dungeon (3/15)

Altars:


Innate Abilities, Weirdness & Mutations

You have very sharp teeth.
Your uncanny sense of smell can sniff out nearby items.
Your experience applies equally to all skills.


Message History

The adder barely misses you.
You barely miss the adder. The adder barely misses you.
You hit the adder.
The adder is moderately wounded.
The adder bites you but does no damage.
You closely miss the adder.
The adder is moderately wounded.
The adder bites you. The adder barely misses you.
You closely miss the adder.
The adder is moderately wounded.
The adder bites you but does no damage.
You miss the adder. Your bite misses the adder.
The adder is moderately wounded.
The adder bites you.
You miss the adder.
The adder is moderately wounded.
The adder bites you. x2
You are poisoned.
The adder poisons you!
You completely miss the adder.
The adder is moderately wounded.
You feel sick. The adder bites you but does no damage.
You hit the adder.
The adder is heavily wounded.
You feel sick. The adder bites you.
You are lethally poisoned!
The adder poisons you!
You barely miss the adder.
The adder is heavily wounded.
* * * LOW HITPOINT WARNING * * *
You feel sick. The adder closely misses you.
You completely miss the adder. Your punch misses the adder.
Your bite misses the adder.
The adder is heavily wounded.
* * * LOW HITPOINT WARNING * * *
You feel sick. The adder closely misses you. The adder bites you.
* * * LOW HITPOINT WARNING * * *
* * * LOW HITPOINT WARNING * * *
You feel sick.
You die...

#.# #.#.# ..# #.#.# # ..#
#.#.. . ..# #.#.# ..###.#
#.#.# ... ..# #.#.# #
..###.########.#.####..#.#
.....†......†...@.S.>.....
.# #.########.#..........
#####.########.#########..
...............#
......########.# #######
#.# # ###


You could see an adder.

Vanquished Creatures
  3 endoplasms
  A goblin (D:1)
  2 hobgoblins (D:1)
  A quokka (D:3)
  A frilled lizard (D:3)
  A kobold (D:1)
  2 rats
11 creatures vanquished.

Vanquished Creatures (collateral kills)
  An endoplasm (D:1)
  A hobgoblin (D:1)
  A goblin (D:1)
  A rat (D:2)
4 creatures vanquished.

Grand Total: 15 creatures vanquished

Notes
Turn   | Place    | Note
-------+----------+-------------------------------------------
     0 | D:1      | Hikarizu the Gnoll Summoner began the quest for the Orb.
     0 | D:1      | Reached XP level 1. HP: 13/13 MP: 6/6
   449 | D:1      | Found a faded altar of an unknown god.
   678 | D:1      | Reached XP level 2. HP: 10/19 MP: 7/7
  1385 | D:2      | Noticed a howler monkey
  1735 | D:3      | HP: 1/20 [poisoned by an adder]
  1736 | D:3      | Succumbed to an adder's poison

Illustrated notes

Levels and vault maps discovered:
D:1:      elethiomel_arrival_maze, layout_rooms,
          hellmonk_ecumenical_altar_pennies_from_heaven, serial_curves,
          eino_curves_03, eino_curves_01, eino_curves_01, eino_curves_01
D:2:      minmay_inner_zag, layout_loops_cross, basic_altar, uniq_natasha,
          uniq_jessica
D:3:      layout_basic

Action                   || total
-------------------------++-------
Melee: Club              ||    16
       Unarmed           ||     8
       Punch             ||     1
       Dagger            ||    45
       Bite              ||     5
 Cast: Summon Small Mamm ||     9
 Stab: Sleeping          ||     3
Armor: Robe              ||     5
       Leather armour    ||     1
       Ring mail         ||    10
Dodge: Dodged            ||    39
